 Dungeon Crawl Stone Soup version 0.20-a0-269-g17f5411 (webtiles) character file.

460 joejoepie the Shooter (level 6, 52/52 HPs)
             Began as a Centaur Hunter on Dec 8, 2016.
             Was an Initiate of Yredelemnul.
             Quit the game on level 4 of the Dungeon on Mar 20, 2017.
             The game lasted 00:30:42 (3625 turns).

joejoepie the Shooter (Centaur Hunter)              Turns: 3625, Time: 00:30:43

Health: 52/52      AC:  9    Str: 14    XL:     6   Next: 78%
Magic:  6/6        EV:  9    Int: 10    God:    Yredelemnul [......]
Gold:   139        SH:  0    Dex: 12    Spells: 5/5 levels left

rFire  + . .     SeeInvis .     b - +1 rapier (drain)
rCold  x . .     Gourm    .     n - +4 ring mail
rNeg   . . .     Faith    .     (no shield)
rPois  .         Spirit   .     (no helmet)
rElec  .         Reflect  .     (no cloak)
rCorr  .         Harm     .     (no gloves)
MR     .....                    (no barding)
Stlth  ..........               (no amulet)
                                (no ring)
                                e - ring of fire

@: very quick
A: hooves 3, deformed body, speed 2, tough skin 3
a: Renounce Religion


You were on level 4 of the Dungeon.
You worshipped Yredelemnul.
Yredelemnul was noncommittal.
You were not hungry.

You visited 2 branches of the dungeon, and saw 6 of its levels.

You collected 139 gold pieces.

Inventory:

Hand Weapons
 a - a +1 shortbow
 b - a +1 rapier of draining (weapon)
 i - a +2 short sword of venom
 l - a +0 short sword
 p - a +0 flail of protection
 s - a +0 mace of holy wrath
Missiles
 r - 6 poisoned tomahawks (quivered)
 t - 4 arrows
Armour
 c - a +1 leather armour
 g - a +0 ring mail
 n - a +4 ring mail (worn)
Jewellery
 e - a ring of fire (left hand)
 m - an uncursed amulet of magic regeneration {unknown}
Scrolls
 o - a scroll of blinking
 v - 3 scrolls of identify
 w - a scroll of enchant weapon {unknown}
 x - a scroll of fear
Potions
 k - a potion of haste {unknown}
Comestibles
 f - 5 bread rations
 h - 2 meat rations
 j - 3 slices of pizza
 q - a beef jerky


   Skills:
 * Level 4.0 Fighting
 + Level 1.6 Short Blades
 + Level 1.0 Maces & Flails
 + Level 7.5 Bows
 + Level 0.4 Throwing
 * Level 2.1 Armour
 + Level 2.0 Dodging
 + Level 0.4 Stealth


You had 5 spell levels left.
You didn't know any spells.

Dungeon Overview and Level Annotations

Branches:
Dungeon (5/15)             Temple (1/1) D:4

Altars:
Ashenzari
Cheibriados
Dithmenos
Elyvilon
Gozag
Hepliaklqana
Kikubaaqudgha
Makhleb
Nemelex Xobeh
Okawaru
Qazlal
Ru
Trog
Xom
Yredelemnul
The Shining One


Innate Abilities, Weirdness & Mutations

You have hooves in place of feet.
Armour fits poorly on your strangely shaped body.
You cover ground very quickly.
You have extremely tough skin. (AC +3)


Message History

d - 2 chunks of flesh
Things that are here:
a dagger; a robe You start resting.
Eating one of 2 chunks of flesh.
You start eating one of the 2 chunks of flesh.
You are feeling hungry.
This raw flesh tastes terrible.
You start resting.
HP restored.
t - an arrow All of the chunks of flesh in your inventory have rotted away.
t - 2 arrows (gained 1)
t - 3 arrows (gained 1)
t - 4 arrows (gained 1) Saving game... please wait.
Welcome back, joejoepie the Centaur Hunter.
Yredelemnul says: Carry the black torch!
Rouse the idle dead!
Press ? for a list of commands and other information.
Are you sure you want to abandon this character and quit the game? (Confirm with "yes".)

#.####.#
##########)####.#
#...>...)....##.#
###.....####.#.##.#
#.......# #.#.##.#
#.#.....# #......#
#.#.....# ###.####
#.####### ##.## #.#
#.@.## #.# #######
#....# ##.###.....#
#....# #...##.....#
####.# #..........#
#.# ##.###......#
... #..# #......#
#.#. #..###.######
#.#.# #......# #.#
#


There were no monsters in sight!

Vanquished Creatures
  Duvessa (D:4)
  Dowan (D:4)
  A hound (D:5)
  3 orc priests
  A worker ant (D:3)
  4 gnolls (D:4)
  3 adders
  3 worms
  A dart slug (D:4)
  2 leopard geckos (D:4)
  11 orcs
  4 giant cockroaches (D:4)
  9 goblins
  5 hobgoblins
  4 jackals (D:2)
  6 kobolds
  2 quokkas
  2 ball pythons
  9 bats
  3 frilled lizards
  A jackal skeleton (D:4)
  6 rats
82 creatures vanquished.

Notes
Turn   | Place    | Note
-------+----------+-------------------------------------------
     0 | D:1      | joejoepie the Centaur Hunter began the quest for the Orb.
     0 | D:1      | Reached XP level 1. HP: 17/17 MP: 1/1
   480 | D:1      | Reached XP level 2. HP: 24/24 MP: 2/2
   941 | D:2      | Reached skill level 6 in Bows
  1113 | D:2      | Reached XP level 3. HP: 30/30 MP: 3/3
  1988 | D:3      | Reached XP level 4. HP: 35/37 MP: 4/4
  2033 | D:3      | Reached skill level 1 in Armour
  2094 | D:3      | Reached skill level 1 in Maces & Flails
  2424 | D:3      | Reached XP level 5. HP: 42/42 MP: 5/5
  2672 | D:3      | You fall through a shaft for 2 floors!
  2672 | D:5      | Entered Level 5 of the Dungeon
  2988 | D:4      | Reached skill level 7 in Bows
  3015 | D:4      | Reached XP level 6. HP: 28/51 MP: 6/6
  3256 | D:4      | Found a staircase to the Ecumenical Temple.
  3263 | Temple   | Entered the Ecumenical Temple
  3324 | Temple   | Became a worshipper of Yredelemnul the Dark
  3352 | D:4      | Noticed Duvessa
  3352 | D:4      | Noticed Dowan
  3376 | D:4      | Killed Duvessa
  3376 | D:4      | Reached skill level 1 in Short Blades
  3385 | D:4      | Killed Dowan
  3625 | D:4      | Quit the game

Vault maps used:
D:1:      dpeg_arrival_chambers_temple_mockup
D:2:      kennysheep_generic_room_15
D:3:      first_bread
D:4:      portal_sewer_entry_f, feat_on_display, uniq_duvessa, uniq_sigmund,
          uniq_menkaure
D:5:      marbit_many_paths, eat_drink_and_be_merry_uskayaw, fedhas_altar_3,
          st_stairs_10, uniq_pikel
Temple:   nicolae_temple_x_marks_the_god

Skill      XL: |  1  2  3  4  5  6 |
---------------+-------------------+-----
Bows           | 6 7 |  7.5
Armour         | 1 2 |  2.1
Maces & Flails | 1 |  1.0
Fighting       | 3 4 |  4.0
Short Blades   | 1 |  1.6
Dodging        | 2 |  2.0
Throwing       | |  0.4
Stealth        | |  0.4

Action                   |  1- 3 |  4- 6 || total
-------------------------+-------+-------++-------
Melee: Short sword       |     4 |       ||     4
       Mace              |    68 |     2 ||    70
       Kick              |    10 |    25 ||    35
       Rapier            |       |   109 ||   109
 Fire: Shortbow          |    51 |    71 ||   122
Throw: Tomahawk          |       |    11 ||    11
  Use: Scroll            |     5 |     2 ||     7
       Potion            |     2 |     2 ||     4
  Eat: Chunk             |     2 |     5 ||     7
Armor: Ring mail         |    63 |    76 ||   139
Dodge: Dodged            |    54 |    61 ||   115
